 Dungeon Crawl Stone Soup version 0.31.0-9-g3a7656b989 (webtiles) character file.

Game seed: 9749670492681497268

7 EnegeticOcto the Shooter (level 1, 0/10 HPs)
             Began as a Spriggan Hunter on Jan 31, 2024.
             Succumbed to their own poison gas
             ... on level 2 of the Dungeon.
             The game lasted 00:00:48 (97 turns).

EnegeticOcto the Shooter (Spriggan Hunter)            Turns: 97, Time: 00:00:48

Health: 0/10       AC:  2    Str:  7    XL:     1   Next: 83%
Magic:  2/2        EV: 18    Int: 10    God:
Gold:   15         SH:  0    Dex: 18    Spells: 0/0 levels left

rFire   . . .        a - +0 shortbow
rCold   . . .        (shield currently unavailable)
rNeg    . . .        c - +0 robe
rPois   .            (helmet restricted)
rElec   .            (no cloak)
rCorr   .            (gloves unavailable)
SInv    +            (boots unavailable)
Will    .....        (no amulet)
Stlth   ++           (no ring)
HPRegen 0.21/turn    (no ring)
MPRegen 0.08/turn

%: no passive effects
@: lethally poisoned (0 -> -32), very quick
A: very small, no large weapons, unfitting armour, see invisible, speed 3
a: no special abilities


You were on level 2 of the Dungeon.
You visited 1 branch of the dungeon, and saw 3 of its levels.

You collected 15 gold pieces.

Inventory:

Hand Weapons
 a - a +0 shortbow (weapon)
Missiles
 e - 4 poisoned darts
Armour
 c - a +0 robe (worn)
Scrolls
 b - a scroll of butterflies {!r}
 f - a scroll of identify {@r1}
Potions
 d - a potion of lignification {@q6}


   Skills:
 - Level 1.5 Fighting
 * Level 4.2 Ranged Weapons
 + Level 2.9 Dodging
 + Level 2.0 Stealth


You couldn't memorise any spells.
You didn't know any spells.
Your spell library was empty.

Dungeon Overview and Level Annotations

Branches:
Dungeon (3/15) Zot: 17927

Altars:


Innate Abilities, Weirdness & Mutations

You are very small and have problems with some larger weapons.
You are too small for most types of armour.
You have supernaturally acute eyesight. (SInv)
You cover ground extremely quickly. (Speed+++)


Message History

Welcome, EnegeticOcto the Spriggan Hunter.
Below lies the Orb of Zot, rumoured to be powerful enough to resurrect a god...
Press ? for a list of commands and other information.
Found a scroll labelled KAWUSUQUJU and a deep dwarf skeleton.
Found a staircase leading out of the dungeon.
d - a scroll labelled KAWUSUQUJU
As you read the scroll labelled KAWUSUQUJU, it crumbles to dust.
You feel strangely unstable.
It was a scroll of teleportation.
Found a scroll labelled BYXASUITOQAJ and a deep dwarf skeleton.
Found two deep dwarf skeletons.
Your surroundings suddenly seem different.
Found 11 gold pieces.
A rat comes into view.
Found 6 gold pieces.
The rat squeaks loudly.
You shoot an arrow. The arrow hits the rat.
The rat is severely wounded.
You shoot an arrow. The arrow hits the rat.
You kill the rat!
You now have 11 gold pieces.
A hobgoblin comes into view.
The hobgoblin shouts!
You shoot an arrow. The arrow hits the hobgoblin!
You kill the hobgoblin!
A kobold comes into view. It is wielding a +0 short sword.
You shoot an arrow. The arrow closely misses the kobold.
You shoot an arrow. The arrow hits the kobold!
You kill the kobold!
Found an emerald potion.
A malevolent force fills the Dungeon...
You fall into a shaft and drop 1 floor!
The shaft crumbles and collapses.
Found a stone staircase leading up.
Found a ruby potion.
There is a stone staircase leading up here.
d - a ruby potion
There is a stone staircase leading up here.
You climb upwards.
Found a whip and a robe.
There is a stone staircase leading down here.
The bat closely misses you.
You climb downwards.
There is a stone staircase leading up here.
No target in view!
A bat comes into view.
Found a stone staircase leading down.
You shoot an arrow. The arrow hits the bat!
You kill the bat!
There is a stone staircase leading down here.
(D) Dungeon
Where to? (? - help)
You climb downwards.
Found 4 poisoned darts and 4 gold pieces.
There is a stone staircase leading up here.
A hobgoblin is nearby!
You shoot an arrow. The arrow hits the hobgoblin.
The hobgoblin shouts!
The hobgoblin is lightly wounded.
You shoot an arrow. The arrow hits the hobgoblin.
You kill the hobgoblin!
No target in view!
You see here 4 poisoned darts.
e - 4 poisoned darts
Found 2 scrolls labelled DIOXUH MIULU.
You now have 15 gold pieces (gained 4).
f - 2 scrolls labelled DIOXUH MIULU
As you read the scroll labelled DIOXUH MIULU, it crumbles to dust.
It is a scroll of identify.
d - a potion of lignification
Found a dagger.
Found a stone staircase leading up.
A quokka comes into view.
You shoot an arrow. The arrow hits the quokka.
You kill the quokka!
Your Stealth skill increases to level 2!
No target in view!
You see here a +0 dagger.
There is a stone staircase leading up here.
You climb upwards.
Found a scroll labelled BYXASUITOQAJ.
Found a stone staircase leading down.
There is a stone staircase leading down here.
A rat comes into view.
The rat squeaks loudly.
You hear an angry hiss.
You see here a scroll labelled BYXASUITOQAJ.
You shoot an arrow. The arrow hits the rat.
You kill the rat!
The air fills with toxic fumes!
As you read the scroll labelled BYXASUITOQAJ, it crumbles to dust.
It was a scroll of poison.
Really walk into that cloud of poison gas?
You are engulfed in poison gas.
You are lethally poisoned!
You feel very sick.
You are engulfed in poison gas.
You are more poisoned.
You die...

#########
#§☼§§○§.#
.§○☼○§##@########
.#§## #.§§......#
#..>§######.#
####§# #§# .○#
###


There were no monsters in sight!

Vanquished Creatures
  2 hobgoblins
  A quokka (D:3)
  A bat (D:2)
  A kobold (D:1)
  2 rats
7 creatures vanquished.

Notes
Turn   | Place    | Note
-------+----------+-------------------------------------------
     0 | D:1      | EnegeticOcto the Spriggan Hunter began the quest for the
                  | Orb.
     0 | D:1      | Reached XP level 1. HP: 10/10 MP: 2/2
    30 | D:1      | You fall into a shaft and drop 1 floor!
    80 | D:3      | Reached skill level 2 in Stealth
    97 | D:2      | Succumbed to their own poison gas

Illustrated notes

Levels and vault maps discovered:
D:1:      amcnicky_arrival_abandoned_market, layout_rooms, serial_shops, shop,
          basic_ecumenical_altar, minmay_parallelograms, hangedman_glass_teeth
D:2:      layout_loops_cross, uniq_crazy_yiuf_cottage
D:3:      layout_loops_ring, xom_butterflies, grunt_ministairs_9,
          minmay_misc_feat_doors, uniq_sigmund, uniq_ijyb

Skill      XL: |  1 |
---------------+----+-----
Stealth        | 2 |  2.0
Fighting       | |  1.5
Ranged Weapons | |  4.2
Dodging        | |  2.9

Action                     || total
---------------------------++-------
   Fire: Shortbow          ||    10
    Use: Scroll            ||     3
  Dodge: Dodged            ||     1

Table legend:
 A = Kills in this place as a percentage of kills in the entire game.
 B = Kills by you in this place as a percentage of kills by you in the entire game.
 C = Kills by friends in this place as a percentage of kills by friends in the entire game.
 D = Other kills in this place as a percentage of other kills in the entire game.
 E = Experience gained in this place as a percentage of experience gained in the entire game.
 F = Experience gained in this place divided by the number of levels of this place that you have seen.
                   A       B       C       D       E      F
               +-------+-------+-------+-------+-------+----------------------
         Total | 100.0 | 100.0 |   N/A |   N/A | 100.0 |   3.3
       Dungeon | 100.0 | 100.0 |   N/A |   N/A | 100.0 |   3.3
               +-------+-------+-------+-------+-------+----------------------

Table legend: (Time is in decaauts)
 A = Elapsed time spent in this place.
 B = Non-inter-level travel time spent in this place.
 C = Inter-level travel time spent in this place.
 D = Time resting spent in this place.
 E = Time spent auto-exploring this place.
 F = Levels seen in this place.
 G = Mean time per level.
                   A        B        C        D        E       F      G
               +--------+--------+--------+--------+--------+-----+--------+
         Total |     72 |     71 |      1 |      0 |      0 |   3 |   24.0 |
       Dungeon |     72 |     71 |      1 |      0 |      0 |   3 |   24.0 |
               +--------+--------+--------+--------+--------+-----+--------+

Top non-repeatable levels by time:
     D:2: 25 daAuts
     D:1: 24 daAuts
     D:3: 23 daAuts
